 Dungeon Crawl Stone Soup version 0.23.0-3-gf3c87f2 (webtiles) character file.

Game seed: 4703570006524883795

594 razor4143 the Slicer (level 7, -1/61 HPs)
             Began as a Kobold Berserker on Feb 23, 2019.
             Was a Believer of Trog.
             Slain by Menkaure (17 damage)
             ... on level 5 of the Dungeon.
             The game lasted 00:08:42 (4683 turns).

razor4143 the Slicer (Kobold Berserker)             Turns: 4683, Time: 00:08:42

Health: -1/61      AC:  6    Str: 22      XL:     7   Next: 67%
Magic:  7/7        EV: 15    Int:  8      God:    Trog [**....]
Gold:   128        SH:  0    Dex: 12 (14) Spells: 6/6 levels left

rFire    . . .     SeeInvis .   a - +0 short sword
rCold    . . .     Gourm    .   (shield restricted)
rNeg     . . .     Faith    .   b - +0 animal skin
rPois    .         Spirit   .   m - +0 helmet
rElec    .         Reflect  .   (no cloak)
rCorr    .         Harm     .   g - +2 pair of gloves
MR       .....                  (no boots)
Stlth    ..........             (no amulet)
HPRegen  0.20/turn              (no ring)
MPRegen  0.10/turn              (no ring)

@: berserking, very quick
A: small, carnivore
a: Berserk, Trog's Hand, Renounce Religion


You were on level 5 of the Dungeon.
You worshipped Trog.
Trog was pleased with you.
You were full.

You visited 2 branches of the dungeon, and saw 6 of its levels.

You collected 128 gold pieces.

Inventory:

Hand Weapons
 a - a +0 short sword (weapon)
 t - a +0 blowgun
Missiles
 u - 18 poisoned needles
Armour
 b - a +0 animal skin (worn)
 g - a +2 pair of gloves (worn)
 m - a +0 helmet (worn)
 w - a +0 chain mail
Jewellery
 v - an uncursed amulet of the acrobat {unknown}
 z - an uncursed ring of flight {unknown}
 A - an uncursed ring of flight {unknown}
Scrolls
 f - 6 scrolls of remove curse {unknown}
 i - 5 scrolls of identify {unknown}
 k - 3 scrolls of teleportation {unknown}
 o - 2 scrolls of magic mapping {unknown}
 r - 4 scrolls of enchant weapon {unknown}
 x - a scroll of amnesia {unknown}
 y - 2 scrolls of immolation {unknown}
Potions
 d - a potion of agility {unknown}
 e - 2 potions of lignification {unknown}
 h - a potion of berserk rage {unknown}
 j - a potion of degeneration {unknown}
 l - 2 potions of heal wounds {unknown}
 n - 2 potions of brilliance {unknown}
 p - 2 potions of mutation {unknown}
 q - a potion of curing {unknown}
 s - a potion of magic {unknown}
Comestibles
 c - 7 rations


   Skills:
 - Level 3.2 Fighting
 + Level 10.2 Short Blades
 + Level 2.1 Armour
 + Level 3.2 Dodging


You had 6 spell levels left.
You didn't know any spells.
Your spell library contained the following spells:

 Spells                   Type           Power        Failure   Level  Hunger
 Magic Dart               Conj           #...         41%         1    ##.....
 Blink                    Tloc           N/A          54%         2    ###....
 Call Imp                 Summ           #.......     54%         2    ###....
 Slow                     Hex            #.......     54%         2    ###....
 Conjure Flame            Conj/Fire      #.......     78%         3    ####...
 Mephitic Cloud           Conj/Pois/Air  #.......     78%         3    ####...


Dungeon Overview and Level Annotations

Branches:
Dungeon (5/15)             Temple (1/1) D:4

Altars:
Ashenzari
Cheibriados
Dithmenos
Elyvilon
Fedhas
Gozag
Hepliaklqana
Kikubaaqudgha
Makhleb
Nemelex Xobeh
Okawaru
Qazlal
Sif Muna
Trog
Uskayaw
Wu Jian
Xom
Yredelemnul
Zin
The Shining One

Annotations:
D:4 1 runed translucent door, axlevencent's ghost, amateur DsAK
D:5 Menkaure


Innate Abilities, Weirdness & Mutations

You are small and have problems with some larger weapons.
You are carnivorous and can eat meat at any time.


Message History

You hit Menkaure but do no damage. Menkaure hits you.
You hit Menkaure.
Menkaure is lightly damaged.
Menkaure hits you!
You hit Menkaure.
Menkaure is moderately damaged.
A red film seems to cover your vision as you go berserk!
You feel yourself moving faster!
You feel mighty!
You feel a lot less full.
Menkaure gestures at you while chanting.
Pain shoots through your body!
* * * LOW HITPOINT WARNING * * *
You barely miss Menkaure.
Menkaure is moderately damaged.
Menkaure completely misses you.
You barely miss Menkaure.
Menkaure is moderately damaged.
You puncture Menkaure!
Menkaure is severely damaged.
Menkaure hits you!
You die...

#..........................
#.........................
#..........###............
#..........# #............
#.....$....# #............
#..........# #............
#..........# ########....
#........).# #...(
#.....!..@.# #....
#........M.# #....
#..........# #....
#..........# #....
........### #.... .......
#.### ....... #.# .......
#.# #########.#


You could see Menkaure.

Vanquished Creatures
  A phantom (D:4)
  An ogre (D:4)
  A centaur (D:5)
  A quasit (D:5)
  A hound (D:4)
  A jelly (D:3)
  3 orc wizards
  2 hound skeletons (D:4)
  4 adders
  An adder skeleton (D:4)
  4 worms
  2 dart slugs (D:1)
  2 leopard geckos
  11 orcs
  12 bats
  2 giant cockroaches
  5 goblins
  8 hobgoblins
  8 kobolds
  2 quokkas
  A ball python (D:1)
  4 frilled lizards
  A leopard gecko skeleton (D:4)
  8 rats
86 creatures vanquished.

Notes
Turn   | Place    | Note
-------+----------+-------------------------------------------
     0 | D:1      | razor4143 the Kobold Berserker began the quest for the Orb.
     0 | D:1      | Reached XP level 1. HP: 14/14 MP: 1/1
   325 | D:1      | Reached XP level 2. HP: 19/19 MP: 2/2
   482 | D:1      | Reached skill level 5 in Short Blades
   546 | D:1      | Reached XP level 3. HP: 23/23 MP: 3/3
  1072 | D:2      | Found a glowing silver altar of Zin.
  1133 | D:2      | Reached skill level 6 in Short Blades
  1238 | D:2      | Found a glowing golden altar of the Shining One.
  1279 | D:2      | Reached XP level 4. HP: 28/28 MP: 4/4
  1664 | D:3      | Reached ** piety under Trog
  1708 | D:3      | You fall through a shaft!
  1719 | D:4      | Reached skill level 7 in Short Blades
  1719 | D:4      | Reached XP level 5. HP: 32/32 MP: 5/5
  1983 | D:3      | Reached skill level 8 in Short Blades
  2374 | D:3      | Found a hide-covered altar of Uskayaw.
  2713 | D:4      | Noticed a phantom
  2736 | D:4      | Killed a phantom
  2736 | D:4      | Reached skill level 9 in Short Blades
  2736 | D:4      | Reached XP level 6. HP: 27/37 MP: 6/6
  2996 | D:4      | Found a staircase to the Ecumenical Temple.
  3149 | D:4      | Noticed an ogre
  3162 | D:4      | Killed an ogre
  3162 | D:4      | Reached skill level 10 in Short Blades
  3162 | D:4      | Reached XP level 7. HP: 41/41 MP: 7/7
  3228 | D:4      | Found a shimmering altar of Xom.
  3360 | D:4      | Found a runed translucent door.
  3360 | D:4      | Noticed axlevencent's ghost (amateur DsAK)
  4147 | Temple   | Entered the Ecumenical Temple
  4320 | D:5      | Entered Level 5 of the Dungeon
  4445 | D:5      | Found a snail-covered altar of Cheibriados.
  4666 | D:5      | Noticed Menkaure
  4683 | D:5      | Slain by Menkaure

Skill      XL: |  1  2  3  4  5  6  7 |
---------------+----------------------+-----
Short Blades   | 5 6 7 9 10 | 10.2
Armour         | 2 |  2.1
Dodging        | 3 |  3.2
Fighting       | |  3.2

Action                   |  1- 3 |  4- 6 |  7- 9 || total
-------------------------+-------+-------+-------++-------
Melee: Short sword       |   112 |   209 |    96 ||   417
 Fire: Blowgun           |       |     2 |       ||     2
Invok: Berserk           |     2 |     5 |     2 ||     9
       Trog's Hand       |       |     1 |     1 ||     2
 Stab: Sleeping          |     2 |       |       ||     2
  Eat: Chunk             |    11 |    11 |     4 ||    26
Armor: Animal skin       |    27 |    45 |    24 ||    96
Dodge: Dodged            |    81 |   133 |    54 ||   268
